 Dungeon Crawl Stone Soup version 0.28.0 (webtiles) character file.

Game seed: 11306516540208696556

97 jlumianski the Firebug (level 4, -4/34 HPs)
             Began as a Hill Orc Fire Elementalist on Feb 15, 2022.
             Killed by nerve-wracking pain
             ... invoked by Grinder
              (7 damage)
             ... on level 3 of the Dungeon.
             The game lasted 00:12:45 (3454 turns).

jlumianski the Firebug (Hill Orc Fire Elementalist) Turns: 3454, Time: 00:12:47

Health: -4/34      AC:  3    Str: 12    XL:     4   Next: 68%
Magic:  0/6        EV: 11    Int: 15    God:
Gold:   74         SH:  0    Dex: 11    Spells: 3/6 levels left

rFire   . . .      SeeInvis .   e - +0 mace (drain)
rCold   . . .      Faith    .   (no shield)
rNeg    . . .      Spirit   .   i - +0 leather armour
rPois   .          Reflect  .   (no helmet)
rElec   +          Harm     .   (no cloak)
rCorr   .          Rampage  .   (no gloves)
Will    .....                   (no boots)
Stlth   +.........              (no amulet)
HPRegen 0.11/turn               (no ring)
MPRegen 0.10/turn               (no ring)

@: no status effects
A: hooves 1, electricity resistance
a: no special abilities


You were on level 3 of the Dungeon.
You visited 1 branch of the dungeon, and saw 3 of its levels.

You collected 74 gold pieces.

Inventory:

Hand Weapons
 e - a +0 mace of draining (weapon)
 o - a +0 hunting sling
 s - a +1 dagger of venom
Missiles
 g - 86 stones
 k - 15 sling bullets
 p - 17 poisoned darts (quivered)
Armour
 a - a +0 robe
 i - a +0 leather armour (worn)
Wands
 n - a wand of mindburst (8)
Scrolls
 f - a scroll of noise {unknown}
 j - 3 scrolls of torment
 l - a scroll of enchant armour {unknown}
 m - a scroll of holy word {unknown}
 q - a scroll of identify {unknown}
Potions
 b - a potion of brilliance {unknown}
 c - a potion of invisibility {unknown}
 d - 2 potions of attraction
 h - a potion of curing {unknown}
 r - a potion of flight {unknown}


   Skills:
 + Level 0.5 Fighting
 + Level 1.5 Maces & Flails
 + Level 1.2 Armour
 + Level 1.8 Dodging
 + Level 1.7 Stealth
 + Level 1.9 Spellcasting
 + Level 1.6 Conjurations
 + Level 4.2 Fire Magic


You had 3 spell levels left.
You knew the following spells:

 Your Spells              Type           Power      Damage    Failure   Level
a - Foxfire               Conj/Fire      40%        2x1d6     9%          1
b - Scorch                Fire           28%        2d6       8%          2

Your spell library contained the following spells:

 Spells                   Type           Power      Damage    Failure   Level
 Conjure Flame            Conj/Fire      10%        6-21      26%         3
 Animate Skeleton         Necr           2%         N/A       28%         1
 Apportation              Tloc           2%         N/A       28%         1
 Summon Small Mammal      Summ           4%         N/A       28%         1
 Inner Flame              Hex/Fire       7%         N/A       34%         3
 Corpse Rot               Necr/Air       2%         N/A       41%         2
 Flame Wave               Conj/Fire      10%        2d5       63%         4
 Dispel Undead            Necr           1%         3d6       96%         4
 Death Channel            Necr           0%         N/A       100%        6


Dungeon Overview and Level Annotations

Branches:
Dungeon (3/15)

Altars:

Annotations:
D:3 Grinder


Innate Abilities, Weirdness & Mutations

You have large cloven feet.
You are resistant to electric shocks. (rElec)


Message History

Casting: Scorch (safe; 8% risk of failure)
Confirm with . or Enter, or press ? or * to list all spells.
You conjure some foxfire!
Your foxfire passes through a web.
The foxfire hits Grinder.
Grinder is burned terribly!
Grinder is moderately wounded.
The foxfire hits Grinder.
Grinder is burned terribly!
Grinder is moderately wounded.
Grinder gestures at you.
You barely resist.
The giant cockroach evades a web.
You hit the giant cockroach.
The giant cockroach is almost dead.
The giant cockroach bites you but does no damage.
You hit the giant cockroach but do no damage.
You kick the giant cockroach.
You kill the giant cockroach!
Grinder zaps a wand.
The puff of flame misses you. Grinder gestures at you.
Pain shoots through your body!
* * * LOW HITPOINT WARNING * * *
Grinder evades a web.
Casting: Foxfire (safe; 9% risk of failure)
Confirm with . or Enter, or press ? or * to list all spells.
Flames lash Grinder.
Grinder is heavily wounded.
Grinder's fire resistance burns away.
Grinder closely misses you.
Aiming: Mindburst
Press: ? - help, Shift-Dir - straight line, f - Grinder
Aim: Grinder, carrying a wand of flame (15) (heavily wounded, more vulnerable to fire, chance to affect: 64%) Grinder's mind is blasted!
Grinder hits you!
* * * LOW HITPOINT WARNING * * *
Okay, then.
Casting: Scorch (safe; 8% risk of failure)
Confirm with . or Enter, or press ? or * to list all spells.
Flames lash Grinder.
Grinder is burned terribly!
Grinder is severely wounded.
Grinder gestures at you. Pain shoots through your body!
You die...

............[.....<............+.
...#......P#####.......###....##.
...#......#.P...#......+...<..##.
...#.....#P#####.#.....#####..###
........#.#.....#.#..............
......#.#.#####.#.#.............
.###..#.#P#._.#.#.#.##########.#
##..^.^....5...^.# #.....#
#..........@....# #......
####.###.######## #...... #. #..
... #...... #. # .. .... #......
#. .. ...######...... ..
#.....#...... ....+.....+......
...#.......##### ##.###'###.##


You could see Grinder (combustible).

Vanquished Creatures
  An adder (D:2)
  A worm (D:2)
  2 dart slugs (D:1)
  An orc (D:3)
  4 ball pythons
  9 endoplasms
  5 giant cockroaches
  7 goblins
  8 hobgoblins
  6 jackals (D:1)
  3 kobolds
  6 quokkas
  8 bats
  A frilled lizard (D:1)
  4 rats
  2 butterflies (D:3)
68 creatures vanquished.

Vanquished Creatures (others)
  83 foxfires
  A plant (D:3)
84 creatures vanquished.

Grand Total: 152 creatures vanquished

Notes
Turn   | Place    | Note
-------+----------+-------------------------------------------
     0 | D:1      | jlumianski the Hill Orc Fire Elementalist began the quest
                  | for the Orb.
     0 | D:1      | Reached XP level 1. HP: 14/14 MP: 3/3
   329 | D:1      | Reached XP level 2. HP: 20/20 MP: 2/4
   614 | D:1      | Learned a level 2 spell: Scorch
   704 | D:1      | Reached skill level 4 in Fire Magic
   875 | D:1      | Reached XP level 3. HP: 21/26 MP: 3/5
  1878 | D:3      | Reached skill level 1 in Maces & Flails
  1978 | D:2      | Reached XP level 4. HP: 25/33 MP: 4/6
  2360 | D:2      | Reached skill level 1 in Armour
  2498 | D:2      | Gained mutation: Your magical capacity is low. (-10% MP)
                  | [potion of mutation]
  2498 | D:2      | Gained mutation: You occasionally shout uncontrollably at
                  | your foes. [potion of mutation]
  2498 | D:2      | Gained mutation: You have hidden genetic defects. [potion
                  | of mutation]
  2499 | D:2      | Lost mutation: Your magical capacity is low. (-10% MP)
                  | [potion of mutation]
  2499 | D:2      | Lost mutation: You occasionally shout uncontrollably at
                  | your foes. [potion of mutation]
  2499 | D:2      | Lost mutation: You have hidden genetic defects. [potion of
                  | mutation]
  2499 | D:2      | Gained mutation: You expend magic power (3 MP) to
                  | strengthen your wands. [potion of mutation]
  2499 | D:2      | Gained mutation: You possess an exceptional clarity of
                  | mind. [potion of mutation]
  2499 | D:2      | Lost mutation: You possess an exceptional clarity of mind.
                  | [potion of mutation]
  2500 | D:2      | Lost mutation: You expend magic power (3 MP) to strengthen
                  | your wands. [potion of mutation]
  2500 | D:2      | Gained mutation: You are resistant to electric shocks.
                  | (rElec) [potion of mutation]
  2500 | D:2      | Gained mutation: You have large cloven feet. [potion of
                  | mutation]
  3442 | D:3      | Noticed Grinder
  3443 | D:3      | Found a faded altar of an unknown god.
  3454 | D:3      | Killed from afar by Grinder

Illustrated notes

Levels and vault maps discovered:
D:1:      eino_arrival_cavern_a, layout_loops_cross, hangedman_decor_growths,
          minmay_cut_off
D:2:      layout_loops_corners, nicolae_concentric_dashed_squares_mild
D:3:      layout_basic, shapermc_ecumenical_altar_rom_forum,
          hangedman_glass_garden, uniq_grinder

Skill      XL: |  1  2  3  4 |
---------------+-------------+-----
Fire Magic     | 4 |  4.2
Maces & Flails | 1 |  1.5
Armour         | 1 |  1.2
Fighting       | |  0.5
Dodging        | |  1.8
Stealth        | |  1.7
Spellcasting   | |  1.9
Conjurations   | |  1.6

Action                   |  1- 3 |  4- 6 || total
-------------------------+-------+-------++-------
Melee: Unarmed           |     8 |       ||     8
       Mace              |    71 |    38 ||   109
       Punch             |     1 |       ||     1
       Kick              |       |     3 ||     3
 Cast: Foxfire           |    30 |    15 ||    45
       Scorch            |     1 |     3 ||     4
Evoke: Wand              |       |     1 ||     1
  Use: Potion            |     1 |     3 ||     4
       Scroll            |     1 |       ||     1
 Stab: Sleeping          |     1 |       ||     1
Armor: Robe              |    27 |       ||    27
       Leather armour    |    10 |    14 ||    24
Dodge: Dodged            |    65 |    31 ||    96
